 Dungeon Crawl Stone Soup version 0.23.2-1-ga50397a (webtiles) character file.

Game seed: 16820999917892693052

30116 dhn the Severer (level 13, -14/116 HPs)
             Began as a Minotaur Fighter on May 5, 2019.
             Demolished by Rupert
             ... wielding a +2 battleaxe of chopping
              (21 damage)
             ... while paralysed by Rupert
             ... on level 2 of the Lair of Beasts.
             The game lasted 00:24:14 (14944 turns).

dhn the Severer (Minotaur Fighter)                 Turns: 14944, Time: 00:24:16

Health: -14/116    AC: 26    Str: 21    XL:     13   Next: 18%
Magic:  13/13      EV:  2    Int:  8    God:
Gold:   813        SH:  0    Dex: 12    Spells: 11/12 levels left

rFire    . . .     SeeInvis .   V - +12 war axe of Midwinter {chop, rElec}
rCold    . . .     Gourm    .   c - +0 shield
rNeg     . . .     Faith    .   M - +0 plate armour
rPois    +         Spirit   .   Q - +1 hat
rElec    +         Reflect  .   N - +1 cloak {rPois}
rCorr    .         Harm     .   K - +1 pair of gloves
MR       .....                  x - +0 pair of boots
Stlth    ..........             (no amulet)
HPRegen  0.29/turn              g - +4 ring of protection
MPRegen  0.13/turn              H - +4 ring of slaying

@: paralysed
A: retaliatory headbutt, horns 2
a: no special abilities


You were on level 2 of the Lair of Beasts.
You were not hungry.

You visited 2 branches of the dungeon, and saw 16 of its levels.

You collected 932 gold pieces.
You spent 119 gold pieces at shops.

Inventory:

Hand Weapons
 p - a +0 broad axe
 y - a +7 spear
 V - the +12 war axe of Midwinter (weapon) {chop, rElec}
   (You took it off an orc on level 10 of the Dungeon)

   It inflicts extra damage upon your enemies.
   It insulates you from electricity.
Armour
 c - a +0 shield (worn)
 x - a +0 pair of boots (worn)
 K - a +1 pair of gloves (worn)
 M - a +0 plate armour (worn)
 N - a +1 cloak of poison resistance (worn)
 Q - a +1 hat (worn)
Jewellery
 a - a +2 ring of strength {unknown}
 g - a +4 ring of protection (left hand)
 h - an uncursed amulet of harm {unknown}
 C - an uncursed amulet of faith
 H - a +4 ring of slaying (right hand)
 L - an uncursed ring of positive energy
 X - an uncursed ring of ice
Wands
 e - a wand of random effects (17)
 q - a wand of iceblast (21)
 s - a wand of flame (26)
 D - a wand of polymorph (18)
 O - a wand of disintegration (31)
 T - a wand of paralysis (3)
 Y - a wand of digging (7)
Scrolls
 i - 2 scrolls of amnesia
 k - 11 scrolls of remove curse
 l - a scroll of magic mapping
 m - 6 scrolls of enchant armour
 r - 5 scrolls of enchant weapon
 u - 11 scrolls of teleportation
 E - 5 scrolls of identify
 J - 5 scrolls of fear
 U - 2 scrolls of blinking
Potions
 b - a potion of cancellation {unknown}
 d - 2 potions of might
 j - 5 potions of curing
 n - a potion of berserk rage {unknown}
 o - a potion of brilliance {unknown}
 t - 2 potions of ambrosia
 w - a potion of invisibility
 z - 4 potions of heal wounds {unknown}
 A - 2 potions of agility
 I - 2 potions of lignification {unknown}
 R - 2 potions of magic {unknown}
Miscellaneous
 v - a box of beasts
 W - a fan of gales
Comestibles
 f - 29 rations


   Skills:
 + Level 11.5 Fighting
 + Level 17.0 Axes
 + Level 1.5(11.5) Polearms
 + Level 10.6 Armour
 + Level 5.1 Dodging
 + Level 1.4 Stealth
 + Level 12.2 Shields
 + Level 1.4 Evocations


You had 11 spell levels left.
You knew the following spells:

 Your Spells              Type           Power        Failure   Level  Hunger
a - Apportation           Tloc           #.....       100%        1    ##.....

Your spell library contained the following spells:

 Spells                   Type           Power        Failure   Level  Hunger
 Animate Skeleton         Necr           N/A          100%        1    ##.....
 Confusing Touch          Hex            #.....       100%        1    ##.....
 Corona                   Hex            #......      100%        1    ##.....
 Shock                    Conj/Air       #...         100%        1    ##.....
 Summon Small Mammal      Summ           #...         100%        1    ##.....
 Ensorcelled Hibernation  Hex/Ice        #.....       100%        2    ###....
 Swiftness                Chrm/Air       #.......     100%        2    ###....
 Confuse                  Hex            #.......     100%        3    ####...
 Dazzling Spray           Conj/Hex       #.....       100%        3    ####...
 Gell's Gravitas          Tloc           #.........   100%        3    ####...
 Static Discharge         Conj/Air       #.......     100%        3    ####...
 Tukima's Dance           Hex            #.......     100%        3    ####...
 Airstrike                Air            #.........   100%        4    #####..
 Petrify                  Tmut/Erth      #.......     100%        4    #####..
 Lightning Bolt           Conj/Air       #.........   100%        5    ######.
 Metabolic Englaciation   Hex/Ice        #.........   100%        5    ######.
 Yara's Violent Unravell  Hex/Tmut       #.........   100%        5    ######.


Dungeon Overview and Level Annotations

Branches:
Dungeon (13/15)            Temple (0/1) D:5            Lair (3/6) D:11
    Orc (0/2) D:10
  Swamp: Lair:2-4    Shoals: Lair:2-4     Snake: Lair:2-4    Spider: Lair:2-4
 Vaults: D:13-14

Altars:
Dithmenos
Gozag
Kikubaaqudgha
Xom
Beogh

Shops:
D:10 *   D:12 (   D:13 =

Annotations:
D:6 exclusion: oklob plant
D:11 4 runed translucent doors
D:13 Kirke
Lair:2 Rupert


Innate Abilities, Weirdness & Mutations

You reflexively headbutt those who attack you in melee.
You have a pair of horns on your head.


Message History

You hit Rupert but do no damage. Your headbutt misses Rupert.
Rupert is heavily wounded.
The sentinel's mark upon you fades away.
You block Rupert's attack.
You slice Rupert!! You headbutt Rupert.
Rupert is severely wounded.
Rupert looks more energetic.
You slash Rupert!
Rupert is almost dead.
Rupert roars wildly at you.
You suddenly lose the ability to move!
Rupert barely misses you.
Rupert roars madly and goes into a rage!
Rupert goes berserk!
Rupert hits you but does no damage.
Rupert hits you with a +2 battleaxe of chopping!!
* * * LOW HITPOINT WARNING * * *
x2 Rupert hits you but does no damage.
Rupert hits you with a +2 battleaxe of chopping!!
You die...

#.....## ##.. ###....## #..
##.......## #.. #.#.......#
##.. ###........##
######...
##...........###.#.#.##.
##.#>....................
#........................
#P###..@@................
### ##......P.#..#.##....
####........##......
#.#...............
####...........).. ####
##..............
###..#######...........#...
#..#...##.##........####...
####.......#P......## #...


You could see Rupert (berserk).

Vanquished Creatures
  Nessos (D:13)
  Snorg (Lair:3)
  Fannar (D:12)
  4 centaur warriors
  2 hydras
  2 two-headed ogres
  An unseen horror (D:10)
  A deep elf mage (D:12)
  Pikel (D:6)
  An ugly thing (D:12)
  2 cyclopes
  Joseph (Lair:1)
  Maurice (D:8)
  A black mamba (Lair:1)
  3 gargoyles
  3 spiny frogs
  A rime drake (Lair:2)
  A komodo dragon (Lair:1)
  2 trolls (D:10)
  A queen bee (D:10)
  The ghost of diana the Skirmisher, an amateur DsWr (D:4)
  7 blink frogs
  4 hippogriffs
  5 slime creatures (D:13)
  16 yaks
  A shadow (D:12)
  A hungry ghost (D:10)
  Grum (D:8)
  A hog (D:12)
  3 basilisks
  A water moccasin (Lair:2)
  Duvessa (D:3)
  3 acid dragons
  2 porcupines
  An eye of draining (D:10)
  3 ice beasts
  5 orc warriors
  A black bear (D:9)
  4 sky beasts
  7 ogres
  A phantom (D:10)
  A necrophage (D:10)
  3 wolves (D:8)
  9 centaurs
  4 crocodiles
  2 big kobolds
  16 bullfrogs
  Dowan (D:3)
  A wyvern skeleton (D:10)
  6 scorpions
  A water moccasin skeleton (D:10)
  29 killer bees
  7 wights (D:12)
  2 centaur zombies
  3 howler monkeys
  3 crimson imps
  3 bullfrog zombies
  11 jellies
  11 orc priests
  Crazy Yiuf (D:6)
  4 hounds
  3 centaur skeletons
  3 iguanas
  7 orc wizards
  10 worker ants
  2 worker ant zombies
  10 adders
  2 shadow imps
  15 oozes
  An adder zombie (D:7)
  2 adder skeletons
  3 worms
  4 dart slugs
  6 leopard geckos
  48 orcs
  A bat zombie (D:1)
  4 giant cockroaches
  10 goblins
  4 hobgoblins
  12 jackals
  3 quokkas
  2 ball pythons (D:1)
  9 bats
  6 frilled lizards
  A jackal zombie (D:1)
  18 kobolds
  A leopard gecko zombie (D:6)
  A quokka skeleton (D:10)
  A quokka zombie (D:5)
  7 rats
  A fungus (Lair:1)
415 creatures vanquished.

Vanquished Creatures (others)
  3 two-headed ogres (D:12)
  An ogre mage (D:12)
  5 yaks (D:12)
  An ogre (D:12)
  A quokka (D:12)
  3 fungi (D:6)
14 creatures vanquished.

Grand Total: 429 creatures vanquished

Notes
Turn   | Place    | Note
-------+----------+-------------------------------------------
     0 | D:1      | dhn the Minotaur Fighter began the quest for the Orb.
     0 | D:1      | Reached XP level 1. HP: 19/19 MP: 0/0
   146 | D:1      | Reached XP level 2. HP: 27/27 MP: 1/1
   439 | D:1      | Reached XP level 3. HP: 33/33 MP: 2/2
   798 | D:2      | Reached skill level 3 in Axes
   910 | D:2      | Reached skill level 1 in Dodging
   910 | D:2      | Reached XP level 4. HP: 31/40 MP: 3/3
  1516 | D:3      | Found an opulent altar of Gozag.
  1635 | D:3      | Reached skill level 4 in Axes
  1635 | D:3      | Reached XP level 5. HP: 47/47 MP: 4/4
  2044 | D:4      | Noticed Dowan
  2047 | D:4      | Noticed Duvessa
  2161 | D:3      | Killed Duvessa
  2161 | D:3      | Reached XP level 6. HP: 41/53 MP: 5/5
  2168 | D:3      | Killed Dowan
  2168 | D:3      | Reached skill level 5 in Axes
  2168 | D:3      | Reached skill level 5 in Shields
  2591 | D:4      | Reached skill level 5 in Armour
  2698 | D:4      | Reached skill level 6 in Axes
  2727 | D:4      | Reached skill level 5 in Fighting
  2730 | D:4      | Reached XP level 7. HP: 47/61 MP: 6/6
  2800 | D:4      | Found a runed translucent gate.
  2826 | D:4      | Found a runed translucent gate.
  2827 | D:4      | Found a runed translucent gate.
  2827 | D:4      | Found a roughly hewn altar of Beogh.
  2827 | D:4      | Noticed diana's ghost (amateur DsWr)
  2828 | D:4      | Identified the +3 ring mail of Izoije {rC+}
  3320 | D:4      | Killed diana's ghost
  3320 | D:4      | Reached skill level 7 in Axes
  3385 | D:5      | Entered Level 5 of the Dungeon
  3538 | D:5      | Found a staircase to the Ecumenical Temple.
  3800 | D:4      | Reached XP level 8. HP: 41/69 MP: 7/7
  3964 | D:5      | Reached skill level 8 in Axes
  4501 | D:6      | Found an ancient bone altar of Kikubaaqudgha.
  4551 | D:6      | Reached skill level 9 in Axes
  4886 | D:6      | Found a runed translucent door.
  4887 | D:6      | Noticed Crazy Yiuf
  4944 | D:6      | Noticed an oklob plant
  5414 | D:6      | Noticed Pikel
  5430 | D:6      | Killed Pikel
  5430 | D:6      | Reached skill level 10 in Axes
  5430 | D:6      | Reached XP level 9. HP: 73/78 MP: 8/8
  5501 | D:6      | Killed Crazy Yiuf
  5643 | D:7      | Reached skill level 11 in Axes
  5992 | D:7      | Learned a level 1 spell: Apportation
  6097 | D:8      | Noticed a two-headed ogre
  6102 | D:8      | Killed a two-headed ogre
  6102 | D:8      | Reached skill level 12 in Axes
  6102 | D:8      | Reached XP level 10. HP: 86/86 MP: 9/9
  6140 | D:8      | Noticed Grum
  6145 | D:8      | Reached skill level 1 in Stealth
  6149 | D:8      | Killed Grum
  6152 | D:8      | Found a shimmering altar of Xom.
  6724 | D:8      | Noticed Maurice
  6742 | D:8      | Killed Maurice
  7689 | D:9      | Reached skill level 13 in Axes
  7709 | D:9      | Found an ancient bone altar of Kikubaaqudgha.
  8170 | D:10     | Entered Level 10 of the Dungeon
  8208 | D:10     | Found a shadowy altar of Dithmenos.
  8239 | D:10     | Noticed a gargoyle
  8268 | D:10     | Killed a gargoyle
  8383 | D:10     | Found Bymihez's General Store.
  8401 | D:10     | Bought a scroll of teleportation for 42 gold pieces
  8401 | D:10     | Bought a scroll of identify for 28 gold pieces
  8401 | D:10     | Bought a scroll of fear for 49 gold pieces
  8517 | D:10     | Reached XP level 11. HP: 78/94 MP: 10/10
  8527 | D:10     | Reached skill level 14 in Axes
  8772 | D:10     | Noticed a two-headed ogre
  8786 | D:10     | Killed an unseen horror
  8786 | D:10     | Reached skill level 10 in Shields
  8796 | D:10     | Killed a two-headed ogre
  8962 | D:10     | Identified the +12 war axe of Midwinter {chop, rElec}
  9293 | D:10     | Found a staircase to the Orcish Mines.
  9561 | D:11     | Found a staircase to the Lair.
  9570 | D:11     | Found a huge runed translucent gate.
  9571 | D:11     | Found a huge runed translucent gate.
  9572 | D:11     | Found a huge runed translucent gate.
  9573 | D:11     | Found a huge runed translucent gate.
  9580 | D:11     | Found an ancient bone altar of Kikubaaqudgha.
 10257 | D:11     | Reached skill level 15 in Axes
 10476 | D:12     | Killed a two-headed ogre
 10478 | D:12     | Killed a two-headed ogre
 10479 | D:12     | Killed an ogre mage
 10479 | D:12     | Killed a two-headed ogre
 10543 | D:12     | Noticed a centaur warrior
 10552 | D:12     | Killed a centaur warrior
 11165 | D:12     | Found Roogidwa's Antique Weapon Boutique.
 11249 | D:12     | Noticed Fannar
 11249 | D:12     | Noticed a five-headed hydra
 11264 | D:12     | Killed a five-headed hydra
 11563 | D:12     | Killed Fannar
 11563 | D:12     | Reached XP level 12. HP: 80/106 MP: 11/11
 11947 | D:12     | You fall through a shaft!
 11960 | D:13     | Reached skill level 10 in Fighting
 11972 | D:13     | Noticed a centaur warrior
 11982 | D:13     | Killed a centaur warrior
 11982 | D:13     | Reached skill level 1 in Polearms
 11984 | D:13     | Noticed a centaur warrior
 11989 | D:13     | Reached skill level 16 in Axes
 11998 | D:13     | Killed a centaur warrior
 12023 | D:13     | Noticed Nessos
 12498 | D:13     | Killed Nessos
 12782 | D:13     | Noticed a centaur warrior
 12795 | D:13     | Killed a centaur warrior
 12844 | D:13     | Found Mookhla's Jewellery Shop.
 12941 | D:13     | Noticed Kirke
 13088 | Lair:1   | Entered Level 1 of the Lair of Beasts
 13170 | Lair:1   | Reached skill level 10 in Armour
 13255 | Lair:1   | Reached skill level 1 in Evocations
 13337 | Lair:1   | Noticed Joseph
 13352 | Lair:1   | Killed Joseph
 13353 | Lair:1   | Noticed a six-headed hydra
 13365 | Lair:1   | Killed a six-headed hydra
 13790 | Lair:1   | Reached XP level 13. HP: 113/116 MP: 11/13
 13960 | Lair:2   | Reached skill level 5 in Dodging
 14888 | Lair:3   | Noticed Snorg
 14896 | Lair:3   | Killed Snorg
 14896 | Lair:3   | Reached skill level 17 in Axes
 14898 | Lair:3   | Noticed Rupert
 14938 | Lair:2   | Paralysed by Rupert for 6 turns
 14944 | Lair:2   | Demolished by Rupert

Skill      XL: |  1  2  3  4  5  6  7  8  9 10 11 12 13 |
---------------+----------------------------------------+-----
Fighting       | 4 5 6 7 8 9 11 | 11.5
Shields        | 4 5 6 8 9 10 11 12 | 12.2
Axes           | 3 4 6 7 10 12 13 15 16 17 | 17.0
Armour         | 4 5 6 7 8 10 | 10.6
Dodging        | 1 2 3 4 5 |  5.1
Stealth        | 1 |  1.4
Polearms       | 1 |  1.5
Evocations     | 1 |  1.4

Action                   |  1- 3 |  4- 6 |  7- 9 | 10-12 | 13-15 || total
-------------------------+-------+-------+-------+-------+-------++-------
Melee: War axe           |   103 |    10 |       |   240 |    55 ||   408
       Headbutt          |    10 |    21 |    49 |   106 |    13 ||   199
       Broad axe         |       |   109 |   271 |   307 |       ||   687
       Spear             |       |       |       |    11 |       ||    11
Evoke: Wand              |       |     1 |     3 |     3 |     2 ||     9
  Use: Scroll            |       |       |    10 |     5 |     1 ||    16
  Eat: Chunk             |       |     4 |     6 |    22 |     2 ||    34
       Ration            |       |     1 |     1 |     1 |     1 ||     4
Armor: Scale mail        |    57 |    69 |    96 |    11 |       ||   233
       Plate armour      |       |       |       |   246 |    23 ||   269
Dodge: Dodged            |    28 |    34 |    95 |   135 |    10 ||   302
Block: Shield            |    69 |    46 |   143 |   329 |    23 ||   610
